 Dungeon Crawl Stone Soup version 0.28.0-43-g3370ac3207 (webtiles) character file.

Game seed: 17529925078975826082

7977 zeratav the Martial Artist (level 11, -11/86 HPs)
             Began as an Octopode Transmuter on Apr 1, 2022.
             Was a Follower of Ashenzari.
             Mangled by a skeletal warrior
             ... wielding a +0 battleaxe
             ... led by a skeletal warrior
              (34 damage)
             ... on level 10 of the Dungeon.
             The game lasted 01:05:55 (11790 turns).

zeratav the Martial Artist (Octopode Transmuter)   Turns: 11790, Time: 01:05:56

Health: -11/86     AC: 10    Str: 15    XL:     11   Next: 23%
Magic:  20/21      EV: 12    Int: 18    God:    Ashenzari [*.....]
Gold:   506        SH:  0    Dex: 13    Spells: 16/23 levels left

rFire   x x .      SeeInvis .     - Unarmed
rCold   + + +      Faith    .   (shield currently unavailable)
rNeg    . . .      Spirit   .   (helmet currently unavailable)
rPois   +          Reflect  .   j - amulet "Cursed Negligence" {Regen+, Melee, Self} (curse)
rElec   .          Harm     .   w - ring "Burden of Ashenzari" {Str+6, Cun, Alch} (curse)
rCorr   .          Rampage  .   B - ring of wizardry
Will    .....                   g - ring of ice
Stlth   ++........              (no ring)
HPRegen 1.04/turn               (no ring)
MPRegen 0.17/turn               (no ring)
                                (no ring)
                                (no ring)

@: ice-form
A: freezing attack, boosted hp, almost no armour, amphibious, 8 rings, large,
(camouflage 1), (gelatinous body 1), (nimble swimmer 1), (tentacles), (tentacle
spike 2), clumsy 1
a: End Transformation, Renounce Religion, Curse Item, Shatter the Chains


You were on level 10 of the Dungeon.
You worshipped Ashenzari.
Ashenzari was aware of your devotion.
You were a creature of crystalline ice.
You visited 2 branches of the dungeon, and saw 11 of its levels.
You also visited: Sewer.

You collected 506 gold pieces.

Inventory:

Hand Weapons
 l - a +3 hunting sling (melded)
Missiles
 a - 17 sling bullets
 c - 17 poisoned darts (quivered)
Armour
 r - a +2 hat of see invisible (melded)
 y - a +1 buckler (melded)
Jewellery
 g - a ring of ice (on tentacle)
 j - the cursed amulet "Cursed Negligence" (around neck) {Regen+, Melee, Self}
   (You found it on level 2 of the Dungeon)

   [amulet of regeneration]

   Regen:     It increases your rate of health regeneration.
   It has a curse which improves the following skills: Melee Combat: Short
   Blades, Long Blades, Axes, Maces & Flails, Polearms, Staves and Unarmed
   Combat.
   Introspection: Fighting and Spellcasting.
 s - an amulet of regeneration
 w - the cursed ring "Burden of Ashenzari" (left front paw) {Str+6, Cun, Alch}
   (You found it on level 5 of the Dungeon)

   [ring of strength]

   Str:       It affects your strength (+6).
   It has a curse which improves the following skills: Cunning: Dodging and
   Stealth.
   Alchemy:   Poison Magic and Transmutations.
 B - a ring of wizardry (right front paw)
Wands
 n - a wand of polymorph (10)
 v - a wand of flame (10)
 z - a wand of paralysis (9)
 D - a wand of acid (12)
Scrolls
 f - a scroll of fear
 q - a scroll of amnesia
 x - 4 scrolls of teleportation
 A - a scroll of magic mapping
 C - 2 scrolls of fog
Potions
 b - a potion of ambrosia
 d - 2 potions of lignification
 e - 3 potions of brilliance
 h - a potion of magic
 i - 2 potions of haste
 k - a potion of heal wounds
 o - 2 potions of attraction
 p - 2 potions of resistance
 t - a potion of invisibility
 u - 3 potions of curing
 E - a potion of berserk rage
 F - 3 potions of cancellation


   Skills:
 * Level 5.4(6.3) Fighting
 - Level 0.7 Crossbows
 - Level 0.5 Throwing
 + Level 6.0(6.8) Dodging
 - Level 1.0(1.5) Stealth
 + Level 9.7(10.6) Unarmed Combat
 + Level 5.8(6.7) Spellcasting
 + Level 5.6(6.5) Transmutations
 * Level 6.0 Ice Magic
 * Level 3.2 Earth Magic
 - Level 5.7(6.5) Poison Magic
 + Level 1.0 Evocations


You had 16 spell levels left.
You knew the following spells:

 Your Spells              Type           Power      Damage    Failure   Level
a - Ice Form              Ice/Tmut       43%        N/A       3%          4
b - Spider Form           Tmut/Pois      29%        N/A       1%          3

Your spell library contained the following spells:

 Spells                   Type           Power      Damage    Failure   Level
 Beastly Appendage        Tmut           58%        N/A       1%          1
 Wereblood                Tmut           29%        N/A       1%          2
 Summon Small Mammal      Summ           24%        N/A       4%          1
 Static Discharge         Conj/Air       6%         N/A       7%          2
 Call Canine Familiar     Summ           6%         N/A       13%         3
 Summon Guardian Golem    Hex/Summ       6%         N/A       13%         3
 Dispel Undead            Necr           6%         3d8       38%         4
 Sticky Flame             Conj/Fire      6%         2d3       38%         4
 Borgnjor's Revivificati  Necr           3%         N/A       100%        8
 Necromutation            Tmut/Necr      8%         N/A       100%        8
 Death's Door             Necr           3%         N/A       100%        9


Dungeon Overview and Level Annotations

Branches:
Dungeon (10/15)            Temple (1/1) D:4            Lair (0/6) D:10
  Sewer (visited)
    Orc: D:9-12

Altars:
Ashenzari
Cheibriados
Dithmenos
Elyvilon
Fedhas
Gozag
Hepliaklqana
Kikubaaqudgha
Makhleb
Nemelex Xobeh
Okawaru
Qazlal
Ru
Sif Muna
Trog
Vehumet
Wu Jian
Xom
Yredelemnul
Zin
The Shining One

Shops:
D:1 ?


Innate Abilities, Weirdness & Mutations

You are a creature of crystalline ice.
You have a powerful freezing melee attack.
Your maximum health is increased.
Your armour is entirely melded.
You are incapable of wielding weapons or throwing items.
You cannot wear most types of armour.
You are amphibious.
You can wear up to eight rings at the same time.
((Your skin changes colour to match your surroundings (Stealth+).))
((Your rubbery body absorbs attacks. (AC +1, EV +1)))
((You are camouflaged when in or above water. (Stealth+)))
((You have tentacles for arms and can constrict up to eight enemies at once.))
((One of your tentacles bears a nasty spike.))
You are clumsy. (Dex -2)


Message History

There is an open door here.
You hit the skeletal warrior.
The skeletal warrior is severely damaged.
The skeletal warrior hits you with a +0 short sword!
You barely miss the skeletal warrior.
The skeletal warrior is severely damaged.
Read: scroll of holy word
Press: ? - help, Q - select action, (/) - cycle Dir - look around, f - activate Look: a skeletal warrior, wielding a +0 battleaxe (susceptible)
As you read the scroll of holy word, it crumbles to dust.
You speak a Word of immense power!
The skeletal warrior convulses! x2
The skeletal warrior is lost in a daze.
You hit the skeletal warrior but do no damage.
The skeletal warrior is almost destroyed.
The skeletal warrior hits you with a +0 battleaxe!
* * * LOW HITPOINT WARNING * * *
You feel much better.
The skeletal warrior hits you with a +0 short sword!
The skeletal warrior is lost in a daze.
You barely miss the skeletal warrior.
The skeletal warrior is almost destroyed.
The skeletal warrior is lost in a daze.
You hit the skeletal warrior but do no damage.
The skeletal warrior is almost destroyed.
The skeletal warrior hits you with a +0 battleaxe!
* * * LOW HITPOINT WARNING * * *
The skeletal warrior closely misses you.
You hit the skeletal warrior but do no damage.
The skeletal warrior is almost destroyed.
The skeletal warrior hits you with a +0 battleaxe!
* * * LOW HITPOINT WARNING * * *
The skeletal warrior hits you with a +0 short sword!
* * * LOW HITPOINT WARNING * * *
You feel much better.
The skeletal warrior is lost in a daze.
The skeletal warrior barely misses you.
You punch the skeletal warrior!
The skeletal warrior is almost destroyed.
The skeletal warrior hits you with a +0 battleaxe!!
You die...

..## (..# ###....
...
.......#####.# #
.......#..##.##.#
.......#........#
.......#........#
.......#z######.#
#.....zY.....#
.#............#
.'............#
+#............###
...####.........#
..... #.........#
..... #.........#
....# #.........#
...##+#.......###


You could see 2 skeletal warriors.

Vanquished Creatures
  A two-headed ogre (D:10)
  An ice statue (D:7)
  3 centaur zombies
  Maggie (D:7)
  A komodo dragon (D:10)
  A hornet (D:9)
  Grinder (D:3)
  Sigmund (D:6)
  2 shadows
  2 steam dragons
  Menkaure (D:5)
  3 water moccasins (D:10)
  Duvessa (D:5)
  An orc warrior (D:7)
  A hornet zombie (D:7)
  An ice beast (D:6)
  2 sky beasts (D:5)
  Pargi (Sewer)
  4 ogres
  4 black bears (D:10)
  A necrophage (D:4)
  3 centaurs
  4 bullfrogs
  A wyvern zombie (D:7)
  A gnoll sergeant (D:5)
  4 scorpions
  Dowan (D:5)
  2 water moccasin skeletons
  13 killer bees
  12 wights (D:8)
  3 howler monkeys
  A jelly (D:7)
  7 hounds
  A bullfrog skeleton (D:5)
  An orc priest (D:7)
  Crazy Yiuf (D:5)
  A gnoll shaman (D:4)
  7 orc wizards
  Ijyb (D:3)
  Terence (D:2)
  3 iguanas
  A killer bee zombie (D:5)
  A hound skeleton (D:5)
  2 howler monkey zombies
  8 gnolls
  An adder (D:2)
  A howler monkey skeleton (D:6)
  A shadow imp (D:5)
  A white imp (D:6)
  An ufetubus (D:5)
  A worm (D:2)
  2 dart slugs (D:1)
  20 orcs
  4 ball pythons
  8 endoplasms
  3 giant cockroaches
  15 goblins
  4 hobgoblins
  3 jackals (D:3)
  4 quokkas
  6 bats
  5 frilled lizards
  12 kobolds
  30 rats
236 creatures vanquished.

Vanquished Creatures (others)
  An orc wizard (D:5)
  46 fungi (D:10)
  52 plants
99 creatures vanquished.

Grand Total: 335 creatures vanquished

Notes
Turn   | Place    | Note
-------+----------+-------------------------------------------
     0 | D:1      | zeratav the Octopode Transmuter began the quest for the
                  | Orb.
     0 | D:1      | Reached XP level 1. HP: 13/13 MP: 3/3
   120 | D:1      | Reached XP level 2. HP: 18/18 MP: 1/5
   376 | D:1      | Found Papip's Magic Scroll Emporium.
   461 | D:1      | Found a faded altar of an unknown god.
   867 | D:1      | Reached XP level 3. HP: 18/23 MP: 4/6
  2199 | D:2      | Reached skill level 1 in Stealth
  2510 | D:2      | Noticed Terence
  2522 | D:2      | Killed Terence
  2523 | D:2      | Reached XP level 4. HP: 16/28 MP: 5/7
  2768 | D:2      | Found an ornate altar of the Wu Jian Council.
  2881 | D:3      | Reached skill level 4 in Unarmed Combat
  2881 | D:3      | Reached skill level 1 in Poison Magic
  2881 | D:3      | Reached XP level 5. HP: 20/33 MP: 6/9
  3007 | D:3      | Learned a level 3 spell: Spider Form
  3100 | D:3      | Noticed Grinder
  3114 | D:3      | Killed Grinder
  3115 | D:3      | Reached XP level 6. HP: 25/38 MP: 4/10
  3777 | D:3      | Noticed Ijyb
  3827 | D:3      | Killed Ijyb
  3898 | D:3      | Learned a level 4 spell: Ice Form
  4290 | D:4      | Reached skill level 5 in Unarmed Combat
  4290 | D:4      | Reached XP level 7. HP: 30/43 MP: 9/12
  4368 | D:4      | Found a glowing drain.
  4389 | Sewer    | Entered a sewer
  4459 | Sewer    | Noticed Pargi
  4468 | Sewer    | Killed Pargi
  4638 | D:4      | Found a staircase to the Ecumenical Temple.
  4648 | Temple   | Entered the Ecumenical Temple
  5073 | Temple   | Became a worshipper of Ashenzari the Shackled
  5240 | D:4      | Reached XP level 8. HP: 29/50 MP: 9/13
  5458 | D:5      | Entered Level 5 of the Dungeon
  5458 | D:5      | Noticed Dowan
  5459 | D:5      | Noticed Duvessa
  5465 | D:5      | Killed Dowan
  5530 | D:5      | Killed Duvessa
  5531 | D:5      | Reached skill level 6 in Unarmed Combat
  5531 | D:5      | Reached skill level 1 in Ice Magic
  5730 | D:5      | Found a runed translucent door.
  5731 | D:5      | Noticed Crazy Yiuf
  5739 | D:5      | Killed Crazy Yiuf
  6137 | D:5      | Reached skill level 5 in Poison Magic
  6268 | D:5      | Noticed Menkaure
  6279 | D:5      | Killed Menkaure
  6506 | D:5      | Reached XP level 9. HP: 23/55 MP: 11/15
  7295 | D:6      | Noticed Sigmund
  7511 | D:6      | Killed Sigmund
  7610 | D:6      | Reached skill level 7 in Unarmed Combat
  7887 | D:6      | Reached * piety under Ashenzari
  8431 | D:6      | Reached skill level 5 in Spellcasting
  8640 | D:7      | Noticed Maggie
  8661 | D:7      | Killed Maggie
  8662 | D:7      | Reached skill level 8 in Unarmed Combat
  8662 | D:7      | Reached skill level 5 in Transmutations
  8662 | D:7      | Reached XP level 10. HP: 59/65 MP: 18/18
  8674 | D:7      | Reached skill level 1 in Evocations
  8723 | D:7      | Reached skill level 5 in Dodging
  8769 | D:7      | Identified a scroll of acquirement
  8778 | D:7      | Acquired a +1 hat of see invisible
  9045 | D:7      | Noticed an ice statue
  9054 | D:7      | Identified the +6 hand axe of Xutsoigo {flame, +Blink}
  9069 | D:7      | Killed an ice statue
  9070 | D:7      | Reached skill level 5 in Ice Magic
  9797 | D:8      | Reached skill level 1 in Earth Magic
  9962 | D:8      | Gained mutation: You occasionally shout uncontrollably at
                  | your foes. [potion of mutation]
  9962 | D:8      | Gained mutation: You are clumsy. (Dex -2) [potion of
                  | mutation]
  9962 | D:8      | Gained mutation: One of your tentacles bears a spike.
                  | [potion of mutation]
  9963 | D:8      | Lost mutation: You occasionally shout uncontrollably at
                  | your foes. [potion of mutation]
  9963 | D:8      | Lost mutation: You are clumsy. (Dex -2) [potion of
                  | mutation]
  9963 | D:8      | Lost mutation: One of your tentacles bears a spike. [potion
                  | of mutation]
  9963 | D:8      | Gained mutation: One of your tentacles bears a spike.
                  | [potion of mutation]
  9963 | D:8      | Gained mutation: One of your tentacles bears a nasty spike.
                  | [potion of mutation]
  9963 | D:8      | Gained mutation: You are clumsy. (Dex -2) [potion of
                  | mutation]
 10285 | D:8      | Reached skill level 9 in Unarmed Combat
 11189 | D:9      | Paralysed by a hornet for 3 turns
 11320 | D:10     | Entered Level 10 of the Dungeon
 11410 | D:10     | Reached skill level 5 in Fighting
 11419 | D:10     | Reached XP level 11. HP: 48/72 MP: 16/20
 11482 | D:10     | Found a staircase to the Lair.
 11681 | D:10     | Noticed a two-headed ogre
 11695 | D:10     | Killed a two-headed ogre
 11761 | D:10     | Noticed a skeletal warrior
 11771 | D:10     | Noticed a skeletal warrior
 11788 | D:10     | HP: 2/86 [skeletal warrior/+0 short sword[a skeletal
                  | warrior] (16)]
 11790 | D:10     | Mangled by a skeletal warrior

Illustrated notes

Levels and vault maps discovered:
D:1:      dpeg_arrival_rooms_c, layout_loops_corners,
          ebering_ecumenical_altar_petrified, serial_shops, shop,
          minmay_misc_feat_roman, minmay_small_reverse_x
D:2:      layout_rooms, basic_altar, uniq_terence
D:3:      kennysheep_goblin_castle, layout_loops_ring, minmay_rat_hole,
          uniq_grinder
D:4:      layout_rooms, minmay_temple_entry_wispy, portal_sewer_entry_c
D:5:      layout_layer_cave, uniq_crazy_yiuf_cottage, uniq_duvessa,
          uniq_menkaure
D:6:      layout_basic, st_stairs_1, uniq_sigmund
D:7:      lemuel_ice_statue, layout_cave_pools, kennysheep_boxes, uniq_maggie
D:8:      layout_loops_corners, grunt_ministairs_6
D:9:      layout_big_octagon
D:10:     minmay_klotski, layout_gridville, eat_drink_and_be_merry_uskayaw,
          due_lair_maze_entry_diamond
Temple:   mainiacjoe_temple_trianglar_array

Skill      XL: |  1  2  3  4  5  6  7  8  9 10 11 |
---------------+----------------------------------+-----
Stealth        | 1 |  1.0
Unarmed Combat | 4 5 6 8 9 |  9.7
Poison Magic   | 1 2 3 4 5 |  5.7
Spellcasting   | 3 4 5 |  5.8
Transmutations | 3 4 5 |  5.6
Dodging        | 3 4 5 6 |  6.0
Fighting       | 2 3 5 |  5.4
Ice Magic      | 2 4 5 6 |  6.0
Evocations     | 1 |  1.0
Earth Magic    | 2 3 |  3.2
Crossbows      | |  0.7
Throwing       | |  0.5

Action                   |  1- 3 |  4- 6 |  7- 9 | 10-12 || total
-------------------------+-------+-------+-------+-------++-------
Melee: Unarmed           |    87 |   122 |   215 |   252 ||   676
       Constrict         |    20 |     6 |       |       ||    26
       Kick              |    30 |     4 |       |       ||    34
       Tentacles         |    16 |     5 |       |       ||    21
 Fire: Hunting sling     |       |    49 |    35 |    40 ||   124
       Arbalest          |       |       |    24 |       ||    24
Throw: Dart              |    26 |       |       |       ||    26
 Cast: Beastly Appendage |    22 |     4 |       |       ||    26
       Spider Form       |       |    10 |    45 |     6 ||    61
       Ice Form          |       |       |       |    22 ||    22
Invok: Curse Item        |       |       |     2 |       ||     2
Evoke: Wand              |       |       |     6 |       ||     6
  Use: Scroll            |       |     5 |     7 |     5 ||    17
       Potion            |       |       |       |     4 ||     4
 Stab: Sleeping          |     3 |     5 |     4 |       ||    12
Armor: Skin              |     6 |    13 |    12 |    72 ||   103
Dodge: Dodged            |    47 |   138 |   209 |   194 ||   588
Block: Buckler           |       |       |     1 |       ||     1
